 Dungeon Crawl Stone Soup version 0.20.1-1-g8b1a95d (webtiles) character file.

174 Mitsuki the Digger (level 5, -2/28 HPs)
             Began as a Gargoyle Earth Elementalist on Sept 14, 2017.
             Slain by a wight
             ... wielding a +3 battleaxe
              (10 damage)
             ... on level 4 of the Dungeon.
             The game lasted 00:10:17 (4208 turns).

Mitsuki the Digger (Gargoyle Earth Elementalist)    Turns: 4208, Time: 00:10:18

Health: -2/28      AC: 11    Str: 11    XL:     5   Next: 54%
Magic:  10/10      EV: 12    Int: 15    God:
Gold:   69         SH:  0    Dex: 12    Spells: 7/11 levels left

rFire    + . .     SeeInvis .   c - +4 dire flail
rCold    . . .     Gourm    .   (shield currently unavailable)
rNeg     + . .     Faith    .   u - +2 robe {MR+}
rPois    ∞         Spirit   .   x - +0 helmet
rElec    +         Reflect  .   m - +0 cloak
rCorr    .         Harm     .   (no gloves)
MR       +....                  y - +0 pair of boots (curse)
Stlth    ++........             (no amulet)
Regen    0.1/turn               (no ring)
MPRegen  0.2/turn               (no ring)

@: no status effects
A: hooves 1, agile 1, dopey 1, fire resistance 1, negative energy resistance 1,
electricity resistance, unbreathing, petrification resistance, rot immunity, AC
+4
a: no special abilities


You were on level 4 of the Dungeon.
You were not hungry.

You visited 1 branch of the dungeon, and saw 4 of its levels.

You collected 157 gold pieces.
You spent 88 gold pieces at shops.

Inventory:

Hand Weapons
 c - a +4 dire flail (weapon)
 z - a +0 mace
Missiles
 b - 11 stones (quivered)
Armour
 m - a +0 cloak (worn)
 u - a +2 robe of magic resistance (worn)
 x - a +0 helmet (worn)
 y - a cursed +0 pair of boots (worn)
 B - a +0 buckler
Jewellery
 p - a +3 ring of slaying {unknown}
Scrolls
 f - 2 scrolls of remove curse {unknown}
 g - 2 scrolls of immolation {unknown}
 j - 2 scrolls of fog {unknown}
 r - a scroll of magic mapping {unknown}
 t - a scroll of identify {unknown}
 v - a scroll of fear {unknown}
 w - a scroll of teleportation {unknown}
 A - a scroll of enchant armour {unknown}
Potions
 a - a potion of brilliance {unknown}
 h - a potion of lignification {unknown}
 i - a potion of curing {unknown}
 n - a potion of flight {unknown}
 o - a potion of berserk rage {unknown}
 q - a potion of agility {unknown}
Books
 e - a book of Geomancy

   Spells                             Type                      Level
   a - Sandblast                      Earth                        1
   b - Passwall                       Transmutation/Earth          2
   c - Stone Arrow                    Conjuration/Earth            3
   d - Petrify                        Transmutation/Earth          4
   e - Lee's Rapid Deconstruction     Earth                        5
Comestibles
 d - 2 bread rations
 k - a fruit
 l - a royal jelly
 s - 2 meat rations


   Skills:
 - Level 1.5 Dodging
 - Level 2.1 Stealth
 + Level 3.6 Spellcasting
 + Level 2.4 Conjurations
   Level 0.7 Transmutations
 + Level 5.2 Earth Magic


You had 7 spell levels left.
You knew the following spells:

 Your Spells              Type           Power        Failure   Level  Hunger
a - Sandblast             Erth           ###...       2%          1    None
b - Stone Arrow           Conj/Erth      ##....       12%         3    ###....


Dungeon Overview and Level Annotations

Branches:
Dungeon (4/15)
 Temple: D:4-7

Altars:
Elyvilon
The Shining One

Shops:
D:4 !

Annotations:
D:4 Jannitor's ghost, amateur GrCK


Innate Abilities, Weirdness & Mutations

You are resistant to torment.
Your stone body is resilient. (AC +4)
You are immune to poison.
You resist negative energy. (rN+)
You are resistant to electric shocks. (rElec)
You can survive without breathing.
You are immune to petrification.
You are immune to rotting.
You have large cloven feet.
You are agile. (Dex +2)
You are dopey. (Int -2)
Your flesh is heat resistant. (rF+)


Message History

There is a stone staircase leading down here.
A wight comes into view. It is wielding an enchanted battleaxe.
You hit the wight but do no damage.
The wight hits you with an enchanted battleaxe!
You closely miss the wight.
The wight hits you with an enchanted battleaxe!
Casting: Sandblast
Confirm with . or Enter, or press ? or * to list all spells.
Aiming: Sandblast
Press: ? - help, Shift-Dir - straight line, f - wight
Aim: a wight, wielding an enchanted battleaxe and wearing a robe
Okay, then.
You thump the wight!
The wight is heavily damaged.
The wight hits you with an enchanted battleaxe.
* * * LOW HITPOINT WARNING * * *
You completely miss the wight.
The wight is heavily damaged.
The wight hits you with an enchanted battleaxe!
You die...

###.# ##.....##<
......#######.......[[
#................###
#.#.########.....# ..
##...## ... ##.## ##z#
#.# #...###### #.#
#$.z@..# #.#
#....####.# ### #.#
... #.# ##.###.##### .
#.###.#.........
#..........#####
######.##.## #.##.#
######.##.#
...........#


You could see a wight.

Vanquished Creatures
  2 wights (D:4)
  3 adders
  An ooze (D:2)
  A worm (D:2)
  A dart slug (D:2)
  3 leopard geckos
  4 bats
  10 goblins
  6 hobgoblins
  2 jackals (D:3)
  9 kobolds
  4 ball pythons
  A frilled lizard (D:1)
  6 rats
53 creatures vanquished.

Vanquished Creatures (others)
  A bat (D:1)
1 creature vanquished.

Grand Total: 54 creatures vanquished

Notes
Turn   | Place    | Note
-------+----------+-------------------------------------------
     0 | D:1      | Mitsuki the Gargoyle Earth Elementalist began the quest for the Orb.
     0 | D:1      | Reached XP level 1. HP: 10/10 MP: 3/3
   291 | D:1      | Reached XP level 2. HP: 7/15 MP: 1/5
   476 | D:1      | Reached skill level 4 in Earth Magic
  1394 | D:2      | Reached XP level 3. HP: 18/19 MP: 7/7
  1399 | D:2      | Learned a level 3 spell: Stone Arrow
  1419 | D:2      | Found a glowing golden altar of the Shining One.
  1825 | D:2      | Found a white marble altar of Elyvilon.
  2490 | D:2      | Reached XP level 4. HP: 24/24 MP: 8/8
  3068 | D:3      | Reached skill level 1 in Conjurations
  3907 | D:4      | Noticed Jannitor's ghost (amateur GrCK)
  3942 | D:4      | Reached skill level 5 in Earth Magic
  3942 | D:4      | Reached XP level 5. HP: 23/28 MP: 6/10
  4151 | D:4      | Found Pasafrite's Distillery.
  4157 | D:4      | Bought a potion of mutation for 88 gold pieces
  4157 | D:4      | Gained mutation: You are agile. (Dex +2) [potion of mutation]
  4157 | D:4      | Gained mutation: You are dopey. (Int -2) [potion of mutation]
  4157 | D:4      | Gained mutation: You have large cloven feet. [potion of mutation]
  4157 | D:4      | Gained mutation: Your flesh is heat resistant. (rF+) [potion of mutation]
  4208 | D:4      | Slain by a wight

Skill      XL: |  1  2  3  4 |
---------------+-------------+-----
Earth Magic    | 4 5 |  5.2
Spellcasting   | 3 |  3.6
Conjurations   | 2 |  2.4
Dodging        | |  1.5
Stealth        | |  2.1
Transmutations | |  0.7

Action                   |  1- 3 |  4- 6 || total
-------------------------+-------+-------++-------
Melee: Unarmed           |    15 |       ||    15
       Dagger            |   210 |    11 ||   221
       Mace              |       |    76 ||    76
       Dire flail        |       |     4 ||     4
 Cast: Sandblast         |    10 |    10 ||    20
       Stone Arrow       |       |     2 ||     2
  Use: Potion            |       |     1 ||     1
 Stab: Sleeping          |     4 |       ||     4
       Distracted        |     1 |       ||     1
  Eat: Chunk             |     5 |     6 ||    11
Armor: Robe              |    67 |    50 ||   117
Dodge: Dodged            |   121 |    68 ||   189
